 Adventure DCSS version bcrawl-1.23.1-30-gcf7fa35852 (webtiles) character file.

Game seed: 5324837732080127517

875 diana the Cruncher (level 7, 54/54 HPs)
             Began as a Demonspawn Gladiator on May 29, 2020.
             Quit the game on level 5 of the Dungeon.
             The game lasted 00:07:39 (6763 turns).

diana the Cruncher (Demonspawn Gladiator)           Turns: 6763, Time: 00:07:40

Health: 54/54      AC:  7    Str: 17    XL:     7   Next: 74%
Magic:  7/7        EV: 12    Int: 10    God:
Gold:   382        SH:  4    Dex: 14    Spells: 6/6 levels left
                                        Lives:  0   Deaths: 2

rFire    + . .     SeeInvis .   a - +1 quarterstaff
rCold    . . .     Gourm    .   (shield currently unavailable)
rNeg     . . .     Faith    .   b - +0 leather armour
rPois    .         Spirit   +   c - +0 helmet
rElec    .         Reflect  .   n - +1 cloak
rCorr    .         Harm     .   y - +0 pair of gloves
MR       .....                  (no boots)
Stlth    ++........             (no amulet)
HPRegen  0.18/turn              r - ring of protection from fire
MPRegen  0.20/turn              (no ring)

@: no status effects
A: hooves 1, large bone plates 1, nightstalker 1, magic shield, magic
regeneration
a: no special abilities


You were on level 5 of the Dungeon.
You were not hungry.

You visited 1 branch of the dungeon, and saw 6 of its levels.

You collected 382 gold pieces.

Inventory:

Hand Weapons
 a - a +1 quarterstaff (weapon)
Missiles
 d - 3 throwing nets (quivered) {!f}
Armour
 b - a +0 leather armour (worn)
 c - a +0 helmet (worn)
 n - a +1 cloak (worn)
 y - a +0 pair of gloves (worn)
Jewellery
 o - an uncursed amulet of magic regeneration {unknown}
 r - a ring of protection from fire (left hand)
Scrolls
 f - a scroll of noise
 g - a scroll of blinking {unknown}
 h - 3 scrolls of remove curse
 j - a scroll of identify
 m - 2 scrolls of enchant armour
 p - a scroll of teleportation
 q - 2 scrolls of enchant weapon
 s - a scroll of fear {unknown}
 u - 2 scrolls of magic mapping
 A - 2 scrolls of immolation {unknown}
Potions
 i - a potion of agility {unknown}
 k - a potion of degeneration {unknown}
 l - a potion of invisibility {unknown}
 t - a potion of might
 v - 5 potions of curing
 w - 2 potions of ambrosia
 x - a potion of haste {unknown}
 z - 4 potions of heal wounds
 D - a potion of lignification {unknown}
Comestibles
 e - 10 rations {!d}


   Skills:
 - Level 4.2 Fighting
 * Level 10.4 Staves
 - Level 1.7 Throwing
 - Level 2.6 Dodging


You had 6 spell levels left.
You didn't know any spells.
Your spell library was empty.

Dungeon Overview and Level Annotations

Branches:
Dungeon (6/12)
 Temple: D:4-7

Altars:
Cheibriados
Lugonu
Sif Muna

Shops:
D:5 %


Innate Abilities, Weirdness & Mutations

You have large cloven feet.
You are partially covered in large bone plates. (SH +4)
You are slightly more attuned to the shadows.
When hurt, damage is shared between your health and your magic reserves.
You regenerate magic rapidly.


Message History

The orc warrior closely misses you.
You barely miss the orc warrior.
The orc warrior is heavily wounded.
The orc warrior hits you with a +0 dire flail!
* * * LOW HITPOINT WARNING * * *
You hit the orc warrior.
You kick the orc warrior, but do no damage.
The orc warrior is severely wounded.
You hit the orc warrior but do no damage.
The orc warrior is severely wounded.
The orc warrior hits you with a +0 dire flail!!
You die...
Xom reaches out...
You are now level 7!
You rejoin the land of the living...
Unknown command.
Welcome back, diana the Demonspawn Gladiator.
Press ? for a list of commands and other information.
You see here a +0 giant club.
Are you sure you want to abandon this character and quit the game? (Confirm with "yes".)

############################
................@..........#
######.###################.#
.......# #############.#
######.#######...........#.#
#.........#########<#.#
########### #.#)# #.#.#
#.#.# #.#.#


There were no monsters in sight!

Vanquished Creatures
  Menkaure (D:4)
  Duvessa (D:4)
  A sky beast (D:4)
  2 phantoms
  2 centaurs
  2 ogres (D:5)
  Dowan (D:4)
  3 scorpions
  5 wights
  A howler monkey (D:5)
  4 crimson imps
  A centaur zombie (D:5)
  2 orc priests
  2 bullfrog skeletons (D:5)
  2 orc wizards
  Terence (D:3)
  2 iguanas (D:4)
  A gnoll (D:1)
  8 adders
  2 shadow imps
  An ooze (D:2)
  An adder skeleton (D:5)
  4 worms
  3 dart slugs
  7 leopard geckos
  7 orcs
  A giant cockroach (D:2)
  12 hobgoblins
  2 jackals (D:2)
  6 kobolds
  9 quokkas
  3 ball pythons
  4 bats
  5 frilled lizards
  9 goblins
  A quokka skeleton (D:4)
  6 rats
125 creatures vanquished.

Vanquished Creatures (others)
  An orc (D:3)
1 creature vanquished.

Grand Total: 126 creatures vanquished

Notes
Turn   | Place    | Note
-------+----------+-------------------------------------------
     0 | D:1      | diana the Demonspawn Gladiator began the quest for the Orb.
     0 | D:1      | Reached XP level 1. HP: 16/16 MP: 1/1
    64 | D:1      | Reached skill level 3 in Staves
    66 | D:1      | Gained mutation: When hurt, damage is shared between your
                  | health and your magic reserves. [demonic ancestry]
    66 | D:1      | Reached XP level 2. HP: 19/22 MP: 2/2
   228 | D:1      | Gained mutation: You are slightly more attuned to the
                  | shadows. [demonic ancestry]
   228 | D:1      | Reached XP level 3. HP: 11/28 MP: 3/3
   879 | D:2      | Reached skill level 4 in Staves
  1178 | D:2      | Gained mutation: You have large cloven feet. [demonic
                  | ancestry]
  1178 | D:2      | Reached XP level 4. HP: 33/34 MP: 4/4
  1551 | D:2      | Noticed a phantom
  1579 | D:2      | Killed a phantom
  1579 | D:2      | Reached XP level 5. HP: 16/41 MP: 2/5
  2282 | D:3      | Noticed a centaur
  2294 | D:3      | Reached skill level 5 in Staves
  2413 | D:2      | Killed a centaur
  2413 | D:2      | Reached XP level 6. HP: 11/48 MP: 0/6
  3390 | D:3      | HP: 2/48 [something/puff of flame (2)]
  3392 | D:3      | Killed from afar by an orc wizard
  3393 | D:3      | Reached XP level 5. HP: -3/42 MP: 0/5
  3459 | D:3      | Noticed Terence
  3466 | D:3      | Killed Terence
  3466 | D:3      | Reached skill level 6 in Staves
  3469 | D:3      | Reached XP level 6. HP: 48/48 MP: 6/6
  4001 | D:4      | Noticed Menkaure
  4002 | D:4      | Found a snail-covered altar of Cheibriados.
  4007 | D:4      | Noticed Duvessa
  4010 | D:4      | Killed Menkaure
  4010 | D:4      | Reached skill level 7 in Staves
  4318 | D:4      | Noticed Dowan
  4340 | D:4      | Killed Duvessa
  4340 | D:4      | Gained mutation: You are partially covered in large bone
                  | plates. (SH +4) [demonic ancestry]
  4340 | D:4      | Reached XP level 7. HP: 39/54 MP: 4/7
  4362 | D:4      | Killed Dowan
  4609 | D:4      | Reached skill level 8 in Staves
  4816 | D:4      | Found a shimmering blue altar of Sif Muna.
  5128 | D:4      | Found a corrupted altar of Lugonu.
  5157 | D:5      | Entered Level 5 of the Dungeon
  5166 | D:5      | Gained mutation: You regenerate magic rapidly. [demonic
                  | ancestry]
  5166 | D:5      | Reached XP level 8. HP: 59/60 MP: 6/8
  5211 | D:5      | Reached skill level 9 in Staves
  5591 | D:5      | Found Zinol's Food Boutique.
  6232 | D:6      | Reached skill level 10 in Staves
  6744 | D:5      | Mangled by an orc warrior
  6745 | D:5      | Reached XP level 7. HP: -8/54 MP: 0/7
  6763 | D:5      | Quit the game

Skill      XL: |  1  2  3  4  5  6  7  8 |
---------------+-------------------------+-----
Staves         | 3 4 6 7 8 10 | 10.4
Fighting       | 3 4 |  4.2
Throwing       | |  1.7
Dodging        | |  2.6

Action                   |  1- 3 |  4- 6 |  7- 9 || total
-------------------------+-------+-------+-------++-------
Melee: Quarterstaff      |    90 |   200 |   194 ||   484
       Kick              |       |    49 |    55 ||   104
  Use: Potion            |       |     2 |       ||     2
       Scroll            |       |       |     7 ||     7
 Stab: Sleeping          |     5 |     8 |     2 ||    15
  Eat: Chunk             |       |     8 |     7 ||    15
Armor: Leather armour    |    26 |    47 |    32 ||   105
Dodge: Dodged            |    66 |   114 |    82 ||   262
Block: Other             |       |       |    28 ||    28
